 Dungeon Crawl Stone Soup version 0.28-a0-1435-g82390b3a13 (webtiles) character file.

Game seed: 18079278634250210629

131 oldriver the Skirmisher (level 4, -2/57 HPs)
             Began as a Demonspawn Chaos Knight on Jan 9, 2022.
             Was a Plaything of Xom.
             Killed from afar by an orc wizard (6 damage)
             ... with a puff of flame
             ... on level 3 of the Dungeon.
             The game lasted 00:03:50 (2527 turns).

oldriver the Skirmisher (Demonspawn Chaos Knight)   Turns: 2527, Time: 00:03:51

Health: -2/57      AC: 22    Str: 12      XL:     4   Next: 91%
Magic:  12/13      EV:  2    Int: 14      God:    Xom [......]
Gold:   69         SH:  0    Dex:  9 (10) Spells: 3/3 levels left

rFire   . . .      SeeInvis .   i - +2 short sword (venom)
rCold   . . .      Faith    +   (no shield)
rNeg    . . .      Spirit   .   (armour currently unavailable)
rPois   +          Reflect  .   (helmet currently unavailable)
rElec   .          Harm     .   (cloak currently unavailable)
rCorr   .          Rampage  .   (gloves currently unavailable)
Will    .....      NoTele   +   (boots currently unavailable)
Stlth   +.........              l - amulet of faith
HPRegen 1.19/turn               h - ring of flight
MPRegen 0.13/turn               n - ring of magical power

@: tree-form, attractive
A: stationary, stasis, torment immunity, boosted hp, (antennae 1), powered by
death 1, clumsy 1, weak 1
a: Renounce Religion


You were on level 3 of the Dungeon.
You worshipped Xom.
You were a very special plaything of Xom.
You were a tree.
You visited 1 branch of the dungeon, and saw 3 of its levels.

You collected 69 gold pieces.

Inventory:

Hand Weapons
 i - a +2 short sword of venom (weapon)
Armour
 b - a +2 leather armour (melded)
 d - a scarf of invisibility (melded)
Jewellery
 e - a ring of ice
 f - an amulet of magic regeneration
 h - a ring of flight (left branch)
 l - an amulet of faith (around neck)
 n - a ring of magical power (right branch)
Scrolls
 g - a scroll of immolation {unknown}
 j - 2 scrolls of identify {unknown}
 m - 5 scrolls of teleportation {unknown}
Potions
 c - a potion of haste


   Skills:
 + Level 4.4 Fighting
 - Level 2.7 Polearms
 - Level 1.8 Armour
 + Level 3.0 Dodging


You had 3 spell levels left.
You didn't know any spells.
Your spell library was empty.

Dungeon Overview and Level Annotations

Branches:
Dungeon (3/15)

Altars:

Annotations:
D:3 Sigmund


Innate Abilities, Weirdness & Mutations

You are a tree.
Your roots penetrate the ground, keeping you stationary.
You cannot be teleported.
You are immune to unholy pain and torment.
Your maximum health is greatly increased.
Your equipment is partially melded.
((You have a pair of small antennae on your head.))
You regenerate a little health from kills.
You are clumsy. (Dex -2)
You are weak. (Str -2)


Message History

The ball python constricts you. Something hits you but does no damage.
You swing at nothing.
The ball python bites you but does no damage.
The ball python constricts you. Something hits you but does no damage.
You nearly hit yourself!
The ball python bites you but does no damage.
The ball python constricts you. Something hits you.
* * * LOW HITPOINT WARNING * * *
You closely miss the ball python.
The ball python bites you but does no damage.
The ball python constricts you. Something hits you.
* * * LOW HITPOINT WARNING * * *
The ball python bites you.
* * * LOW HITPOINT WARNING * * *
The ball python constricts you.
You are too confused!
Okay, then.
You barely miss the ball python. Something hits you but does no damage.
The ball python bites you but does no damage.
The ball python constricts you.
You closely miss the ball python.
The ball python bites you but does no damage.
The ball python constricts you. Something hits you but does no damage.
You attack the rock wall.
You feel less confused.
The ball python bites you but does no damage.
The ball python constricts you. Something hits you but does no damage.
The ball python bites you but does no damage.
The ball python constricts you.
You hit the ball python.
The ball python is poisoned.
The ball python is moderately wounded.
You kill the ball python!
Something hits you.
* * * LOW HITPOINT WARNING * * *
You barely miss something.
You hear some strange, mumbled words.
A puff of flame appears from out of thin air!
The puff of flame hits you.
You die...
Xom yawns loudly!

#..... ###......#
.)..... .### ###
.##..... ...# .. ...
........ ...# #.# #..
#)....##..# #.# #.#
#....#...# #.# #.#
#..).# #.# #.# #..{♣#
#.# #..
##...##########.###..
#..#..................
#....#..#########.####.
#.....#..# #......
..........# ######.
########### #. #. #.


There were no monsters in sight!

Vanquished Creatures
  Terence (D:2)
  4 adders
  A shadow imp (D:3)
  A dart slug (D:2)
  An orc (D:3)
  7 ball pythons
  6 endoplasms
  5 giant cockroaches
  3 goblins (D:1)
  4 hobgoblins
  2 quokkas (D:1)
  5 bats
  4 frilled lizards
  9 kobolds
  9 rats
62 creatures vanquished.

Vanquished Creatures (others)
  2 orcs (D:3)
  31 plants (D:2)
33 creatures vanquished.

Grand Total: 95 creatures vanquished

Notes
Turn   | Place    | Note
-------+----------+-------------------------------------------
     0 | D:1      | oldriver the Demonspawn Chaos Knight began the quest for
                  | the Orb.
     0 | D:1      | Reached XP level 1. HP: 18/18 MP: 1/1
    26 | D:1      | Reached skill level 1 in Dodging
   217 | D:1      | Discovered your monstrous ancestry.
   217 | D:1      | Gained mutation: You have a pair of small antennae on your
                  | head. [demonic ancestry]
   217 | D:1      | Reached XP level 2. HP: 19/24 MP: 2/2
   560 | D:1      | XOM is BORED!
   560 | D:1      | XOM: noise
   860 | D:1      | Gained mutation: You regenerate a little health from kills.
                  | [demonic ancestry]
   860 | D:1      | Reached XP level 3. HP: 25/29 MP: 3/3
  1173 | D:2      | XOM: noise
  1288 | D:2      | XOM: god gift: bubbling emerald potion {god gift}
  1444 | D:2      | Reached skill level 4 in Fighting
  1497 | D:2      | Noticed Terence
  1500 | D:2      | Reached XP level 4. HP: 33/37 MP: 4/4
  1500 | D:2      | XOM: chaos cloud
  1519 | D:2      | Killed Terence
  1602 | D:2      | Identified the +6 arbalest of Vengeance {flame, *Corrode
                  | rElec Dex+6}
  1983 | D:2      | XOM: stat loss: -1 Dex (11/12)
  2237 | D:3      | Noticed Sigmund
  2404 | D:2      | XOM: give mutations
  2404 | D:2      | Gained mutation: You are weak. (Str -2) [Xom's mischief]
  2404 | D:2      | Gained mutation: You are clumsy. (Dex -2) [Xom's mischief]
  2422 | D:2      | XOM: stat loss: -1 Dex (8/10)
  2488 | D:3      | XOM: destruction
  2495 | D:3      | XOM: enchant monster (bad)
  2527 | D:3      | Killed from afar by an orc wizard

Illustrated notes

Levels and vault maps discovered:
D:1:      matt_arrival_grand_opening, layout_loops_ring
D:2:      layout_loops_ring, serial_bayou, serial_bayou_pond_d,
          serial_bayou_lagoon_b, serial_bayou_shore_a, serial_bayou_ford_a,
          uniq_terence
D:3:      layout_basic, elyvilon_altar_1, moated_statue, grunt_decor_arrowhead,
          kennysheep_pointless_box, minmay_misc_feat_chi,
          chequers_serial_rivers_micro_e, uniq_sigmund

Skill      XL: |  1  2  3  4 |
---------------+-------------+-----
Dodging        | 1 2 3 |  3.0
Fighting       | 4 |  4.4
Polearms       | |  2.7
Armour         | |  1.8

Action                   |  1- 3 |  4- 6 || total
-------------------------+-------+-------++-------
Melee: Spear             |   103 |       ||   103
       Short sword       |    14 |    81 ||    95
       Punch             |       |     1 ||     1
  Use: Potion            |       |     3 ||     3
Armor: Leather armour    |    48 |    31 ||    79
       Skin              |       |    15 ||    15
Dodge: Dodged            |    41 |    36 ||    77

Table legend: (Time is in decaauts)
 A = Elapsed time spent in this place.
 B = Non-inter-level travel time spent in this place.
 C = Inter-level travel time spent in this place.
 D = Time resting spent in this place.
 E = Time spent auto-exploring this place.
 F = Levels seen in this place.
 G = Mean time per level.
                   A        B        C        D        E       F      G
               +--------+--------+--------+--------+--------+-----+--------+
         Total |   2512 |   2426 |     86 |    432 |   1436 |   3 |  837.3 |
       Dungeon |   2512 |   2426 |     86 |    432 |   1436 |   3 |  837.3 |
               +--------+--------+--------+--------+--------+-----+--------+

Top non-repeatable levels by time:
     D:2: 1251 daAuts
     D:1: 996 daAuts
     D:3: 264 daAuts
